 Dungeon Crawl Stone Soup version 0.28-a0-1167-g616b1c6417 (webtiles) character file.

Game seed: 11922251512294931757

5223 Htamos the Spear-Bearer (level 10, -2/80 HPs)
             Began as a Merfolk Delver on Dec 16, 2021.
             Was a High Priest of Kikubaaqudgha.
             Slain by a two-headed ogre (21 damage)
             ... on level 9 of the Dungeon.
             The game lasted 00:33:14 (12123 turns).

Htamos the Spear-Bearer (Merfolk Delver)           Turns: 12123, Time: 00:33:15

Health: -2/80      AC: 15    Str: 12    XL:     10   Next: 61%
Magic:  0/10       EV:  5    Int: 10    God:    Kikubaaqudgha [*****.]
Gold:   499        SH:  0    Dex: 20    Spells: 3/9 levels left

rFire   . . .      SeeInvis .   e - +5 bardiche (freeze)
rCold   . . .      Faith    .   (shield currently unavailable)
rNeg    . . .      Spirit   +   r - +2 plate armour
rPois   .          Reflect  .   o - +2 hat {Stlth+}
rElec   .          Harm     .   D - +0 cloak
rCorr   .          Rampage  .   (no gloves)
Will    .....                   (no boots)
Stlth   ..........              F - amulet of guardian spirit
HPRegen 0.23/turn               (no ring)
MPRegen 0.12/turn               (no ring)

@: no status effects
A: (nimble swimmer 2), mertail
a: Renounce Religion, Receive Corpses, Torment


You were on level 9 of the Dungeon.
You worshipped Kikubaaqudgha.
Kikubaaqudgha was extremely pleased with you.
You visited 1 branch of the dungeon, and saw 9 of its levels.
You also visited: Ossuary.

You collected 629 gold pieces.
You spent 130 gold pieces at shops.

Inventory:

Hand Weapons
 a - a +0 spear
 e - a +5 bardiche of freezing (weapon)
 f - a +0 club
 p - a +2 rapier of venom
 u - a +0 dire flail of holy wrath
 G - a +1 halberd
Missiles
 k - 326 stones (quivered)
 H - 3 javelins
 J - a throwing net
Armour
 b - a +0 leather armour
 n - a +0 scale mail
 o - a +2 hat of stealth (worn)
 r - a +2 plate armour (worn)
 D - a +0 cloak (worn)
 E - a +0 ring mail
Jewellery
 A - a ring of fire
 F - an amulet of guardian spirit (around neck)
 I - an amulet of regeneration
Wands
 g - a wand of digging (10)
 i - a wand of flame (3)
Scrolls
 c - 6 scrolls of fog
 d - 2 scrolls of magic mapping
 j - a scroll of fear
 m - a scroll of summoning {unknown}
 w - a scroll of teleportation
 C - a scroll of amnesia {unknown}
Potions
 h - 5 potions of curing {@qc}
 l - 2 potions of degeneration {unknown}
 s - 3 potions of mutation
 t - 4 potions of flight
 x - 2 potions of cancellation {unknown}
 z - a potion of brilliance
 B - 3 potions of attraction {unknown}


   Skills:
 + Level 8.2 Fighting
 + Level 11.5 Polearms
 + Level 1.7 Armour
 + Level 9.3 Dodging
 - Level 6.5 Stealth
 + Level 0.0 Spellcasting
 * Level 6.8 Necromancy


You had 3 spell levels left.
You knew the following spells:

 Your Spells              Type           Power      Damage    Failure   Level
a - Pain                  Necr           52%        1d6       99%         1
b - Sublimation of Blood  Necr           13%        N/A       100%        2
c - Vampiric Draining     Necr           13%        2d6       100%        3

Your spell library contained the following spells:

 Spells                   Type           Power      Damage    Failure   Level
 Corpse Rot               Necr/Air       12%        N/A       100%        2
 Gell's Gravitas          Tloc           0%         N/A       100%        3
 Teleport Other           Tloc           0%         N/A       100%        3
 Cause Fear               Hex            0%         N/A       100%        4
 Dispel Undead            Necr           13%        3d9       100%        4
 Petrify                  Tmut/Erth      0%         N/A       100%        4
 Agony                    Necr           13%        N/A       100%        5
 Blade Hands              Tmut           0%         N/A       100%        5
 Borgnjor's Vile Clutch   Necr/Erth      3%         N/A       100%        5
 Irradiate                Conj/Tmut      0%         3d13      100%        5
 Death Channel            Necr           6%         N/A       100%        6
 Dispersal                Tloc           0%         N/A       100%        6
 Simulacrum               Ice/Necr       3%         N/A       100%        6
 Dragon Form              Tmut           0%         N/A       100%        7
 Dragon's Call            Summ           0%         N/A       100%        9


Dungeon Overview and Level Annotations

Branches:
Dungeon (9/15)             Temple (0/1) D:6         Ossuary (visited)
   Lair: D:8-11         Orc: D:9-12

Altars:
Hepliaklqana
Kikubaaqudgha
Nemelex Xobeh
Qazlal
Wu Jian
The Shining One

Shops:
D:2 (   D:6 !

Annotations:
D:4 2 transporters, anet's ghost, weakling GnDe


Innate Abilities, Weirdness & Mutations

((You are quick and stealthy near water. (Stealth+, EV+, Speed+++)))
Your lower body shifts to a powerful aquatic tail in water.


Message History

Evoke which item? (* to show all) (? for menu, Esc to quit)
Aiming: Polymorph
Press: ? - help, Shift-Dir - straight line, f/p - two-headed ogre
Aim: a two-headed ogre, wielding a +0 giant spiked club and a +0 giant club (will become an anaconda, a snapping turtle, or a faun, chance to affect: 28%)
The two-headed ogre easily resists.
The now-empty wand crumbles to dust.
You don't have any such object.
Evoke which item? (* to show all) (? for menu, Esc to quit)
Okay, then.
Okay, then.
As you read the scroll of enchant armour, it crumbles to dust.
Your +1 plate armour glows green for a moment.
Okay, then.
You reach to attack!
You slash the two-headed ogre! You freeze the two-headed ogre.
The two-headed ogre is moderately wounded.
You hit the two-headed ogre. You freeze the two-headed ogre.
The two-headed ogre is moderately wounded.
The two-headed ogre barely misses you.
The two-headed ogre hits you with a +0 giant club!!
You slash the two-headed ogre! You freeze the two-headed ogre.
The two-headed ogre is heavily wounded.
The two-headed ogre barely misses you.
The two-headed ogre hits you with a +0 giant club!
Your plate armour prevents you from hitting the two-headed ogre.
The two-headed ogre is heavily wounded.
The two-headed ogre hits you with a +0 giant spiked club!!
The two-headed ogre barely misses you.
You slash the two-headed ogre! You freeze the two-headed ogre.
The two-headed ogre is severely wounded.
The two-headed ogre hits you with a +0 giant spiked club!
* * * LOW HITPOINT WARNING * * *
The two-headed ogre hits you with a +0 giant club!
* * * LOW MAGIC WARNING * * *;
* * * LOW HITPOINT WARNING * * *
Unknown command.
You slash the two-headed ogre! You freeze the two-headed ogre.
The two-headed ogre is almost dead.
The two-headed ogre hits you with a +0 giant spiked club!!
* * * LOW MAGIC WARNING * * *
You die...
Kikubaaqudgha rasps: "You have failed me!
Welcome... death!"

#......'.....#............'.....#
##.....#.....#............#.....#
#.....#.....#............#.....#
#.....##....'............')....#
#......#....###..........#.....#
#?.....#......#..........#.....#
#......#......#.########.#.....#
##.....#......#.#......#.#.....#
#......#@#......#.#######
#......#O#......#........
########.#......#........
........#......'....<.##
........#......'......#.
###.....##'###'#......'.
+...................#.
#...................#.
#...................#.


You could see a two-headed ogre.

Vanquished Creatures
  A rakshasa (D:8)
  An orc sorcerer (D:9)
  A rime drake (D:7)
  A hornet (D:9)
  Sigmund (D:6)
  A wraith (D:9)
  A wyvern (D:9)
  A steam dragon (D:8)
  A water moccasin (D:7)
  Edmund (D:6)
  An acid dragon (D:7)
  3 ice beasts
  An ogre (D:5)
  3 necrophages
  A wolf (D:9)
  3 centaurs
  3 bullfrogs
  2 scorpions
  7 wights (D:8)
  A howler monkey (D:8)
  An electric eel (D:7)
  A centaur zombie (D:6)
  An orc priest (D:8)
  2 hounds
  A jelly (D:6)
  2 gnoll shamans
  A centaur skeleton (D:7)
  2 bullfrog skeletons (D:7)
  5 iguanas
  10 orc wizards
  12 mummies (Ossuary)
  A howler monkey zombie (D:9)
  7 adders
  17 gnolls
  2 howler monkey skeletons
  An ufetubus (D:7)
  A worm (D:2)
  4 dart slugs
  7 orcs
  8 ball pythons
  3 bats (D:1)
  7 endoplasms
  7 giant cockroaches
  8 goblins
  10 hobgoblins
  20 jackals
  6 kobolds
  8 quokkas
  7 frilled lizards
  A goblin skeleton (Ossuary)
  3 kobold skeletons (Ossuary)
  4 orc skeletons (Ossuary)
  7 rats
  11 rat skeletons (Ossuary)
223 creatures vanquished.

Vanquished Creatures (others)
  2 plants (D:2)
2 creatures vanquished.

Grand Total: 225 creatures vanquished

Notes
Turn   | Place    | Note
-------+----------+-------------------------------------------
     0 | D:5      | Htamos the Merfolk Delver began the quest for the Orb.
     0 | D:5      | Reached XP level 1. HP: 18/18 MP: 1/1
    56 | D:5      | Noticed an iguana
    89 | D:5      | Found an ancient bone altar of Kikubaaqudgha.
   105 | D:5      | Noticed a jelly
   184 | D:5      | Reached XP level 2. HP: 24/24 MP: 2/2
   241 | D:5      | Noticed an ice beast
   301 | D:5      | Noticed a scorpion
   337 | D:5      | Killed an ice beast
   338 | D:5      | Reached skill level 5 in Polearms
   338 | D:5      | Reached XP level 3. HP: 30/30 MP: 3/3
   338 | D:5      | Reached XP level 4. HP: 37/37 MP: 4/4
   367 | D:5      | Reached XP level 5. HP: 42/42 MP: 5/5
   481 | D:5      | Became a worshipper of Kikubaaqudgha
   512 | D:4      | Noticed a necrophage
   757 | D:5      | Reached skill level 6 in Polearms
   757 | D:5      | Reached XP level 6. HP: 16/49 MP: 6/6
  1639 | D:3      | Reached * piety under Kikubaaqudgha
  1639 | D:3      | Received a gift from Kikubaaqudgha
  1645 | D:3      | Learned a level 1 spell: Pain
  1757 | D:3      | Found a sparkling altar of Nemelex Xobeh.
  2318 | D:2      | Found Taec Toe's Antique Weapon Boutique.
  2931 | D:2      | Reached ** piety under Kikubaaqudgha
  2932 | D:2      | Reached XP level 7. HP: 55/55 MP: 7/7
  3244 | D:1      | Learned a level 2 spell: Sublimation of Blood
  3248 | D:1      | Learned a level 3 spell: Vampiric Draining
  3262 | D:1      | Found a faded altar of an unknown god.
  3299 | D:1      | Reached skill level 5 in Dodging
  3395 | D:1      | You fall into a shaft and drop 1 floor!
  3535 | D:1      | Reached skill level 7 in Polearms
  4344 | D:2      | Reached skill level 5 in Fighting
  4638 | D:4      | Found an ornate altar of the Wu Jian Council.
  5355 | D:4      | Reached skill level 1 in Necromancy
  5855 | D:4      | Found a transporter.
  5859 | D:4      | Noticed anet's ghost (weakling GnDe)
  5860 | D:4      | Found a transporter.
  6017 | D:5      | Identified a scroll of acquirement
  6017 | D:5      | Acquired a +2 bardiche of freezing
  6187 | D:5      | Reached skill level 8 in Polearms
  6604 | D:6      | Noticed Edmund
  6632 | D:6      | Killed Edmund
  6633 | D:6      | Reached XP level 8. HP: 63/63 MP: 8/8
  6684 | D:6      | Reached *** piety under Kikubaaqudgha
  6684 | D:6      | Received a gift from Kikubaaqudgha
  6841 | D:6      | Found Hizitytu's Distillery.
  6941 | D:6      | Noticed Sigmund
  6955 | D:6      | Bought a potion of resistance for 130 gold pieces
  6967 | D:6      | Found a staircase to the Ecumenical Temple.
  6974 | D:6      | Killed Sigmund
  6975 | D:6      | Reached skill level 9 in Polearms
  7558 | D:6      | Found a hazy altar of Hepliaklqana.
  7727 | D:7      | Noticed a rime drake
  7727 | D:7      | a water moccasin changed into a rime drake
  7730 | D:7      | Killed a rime drake
  7753 | D:7      | Reached XP level 9. HP: 21/71 MP: 2/9
  7795 | D:7      | Found a sand-covered staircase.
  7799 | Ossuary  | Entered an ossuary
  8161 | Ossuary  | Reached skill level 10 in Polearms
  8232 | Ossuary  | Reached **** piety under Kikubaaqudgha
  8498 | D:7      | Found a glowing golden altar of the Shining One.
  8956 | D:7      | Reached skill level 5 in Necromancy
  9427 | D:8      | Noticed a rakshasa
  9428 | D:8      | Noticed a hornet
  9906 | D:9      | Killed a hornet
  9969 | D:9      | Reached XP level 10. HP: 62/79 MP: 7/10
 10075 | D:9      | Noticed an orc sorcerer
 10079 | D:9      | Paralysed by an orc sorcerer for 3 turns
 10085 | D:9      | Killed an orc sorcerer
 10086 | D:9      | Reached skill level 11 in Polearms
 10509 | D:9      | Noticed a two-headed ogre
 10545 | D:8      | HP: 5/120 [rakshasa (9)]
 10546 | D:8      | Killed a rakshasa
 10547 | D:8      | Reached skill level 1 in Armour
 11388 | D:8      | Found a stormy altar of Qazlal.
 11491 | D:8      | Reached ***** piety under Kikubaaqudgha
 12123 | D:9      | Slain by a two-headed ogre

Illustrated notes

Levels and vault maps discovered:
D:1:      lightli_arrival_isolated_outpost, layout_loops_ring,
          shapermc_ecumenical_altar_mp_ritualfount, serial_forest,
          infiniplex_forest_clump_tiny, infiniplex_forest_straight_4,
          infiniplex_forest_lined_2, infiniplex_forest_lined_3,
          infiniplex_forest_lined_3_way, infiniplex_forest_clump_diagonal,
          infiniplex_forest_clump_diagonal, infiniplex_forest_lined_3
D:2:      wad_lake_hut, layout_basic, serial_shops, shop,
          minmay_fractal_squares_gapless_5
D:3:      layout_basic, amcnicky_altar_gilded
D:4:      layout_rooms, nicolae_wu_jian_wuxing_cycle, gammafunk_ghost_smash,
          gup_sewer_entry_pipe
D:5:      layout_loops_ring, nicolae_kikubaaqudgha_miasma_corner
D:6:      layout_layer_cave, worldfamousw_hep_ancestral_shrine,
          minmay_temple_entry_antechambers, serial_shops, shop, uniq_sigmund,
          uniq_edmund
D:7:      layout_basic, overflow_temple_1_default, enter_ossuary_5,
          interstate_on_off, nicolae_water_bricks
D:8:      minmay_flawed_box, layout_loops_cross, lemuel_tele_altar,
          palyth_stone_intersect, st_stairs_5
D:9:      cheibrodos_wizards_tower, layout_irregular_city,
          lemuel_coloured_pillars_altar

Skill      XL: |  1  2  3  4  5  6  7  8  9 10 |
---------------+-------------------------------+-----
Dodging        | 3 4 5 7 8 9 |  9.3
Fighting       | 4 5 6 7 8 |  8.2
Polearms       | 5 6 8 9 10 11 | 11.5
Stealth        | 6 |  6.5
Necromancy     | 1 3 5 6 |  6.8
Armour         | 1 |  1.7

Action                   |  1- 3 |  4- 6 |  7- 9 | 10-12 || total
-------------------------+-------+-------+-------+-------++-------
Melee: Spear             |       |   223 |   254 |       ||   477
       Tailslap          |       |     2 |     1 |       ||     3
       Bardiche          |       |       |   163 |   132 ||   295
 Cast: Pain              |       |       |     3 |       ||     3
Evoke: Wand              |    15 |     8 |    17 |     4 ||    44
  Use: Potion            |     1 |     6 |    10 |     6 ||    23
       Scroll            |     1 |     1 |    17 |     2 ||    21
 Stab: Sleeping          |       |    11 |    43 |       ||    54
       Distracted        |       |     1 |     2 |     2 ||     5
       Invisible         |       |       |     1 |       ||     1
Armor: Leather armour    |       |    34 |    49 |       ||    83
       Skin              |       |    18 |    23 |    36 ||    77
       Plate armour      |       |       |       |    76 ||    76
Dodge: Dodged            |       |    92 |   187 |    23 ||   302

Table legend: (Time is in decaauts)
 A = Elapsed time spent in this place.
 B = Non-inter-level travel time spent in this place.
 C = Inter-level travel time spent in this place.
 D = Time resting spent in this place.
 E = Time spent auto-exploring this place.
 F = Levels seen in this place.
 G = Mean time per level.
                   A        B        C        D        E       F      G
               +--------+--------+--------+--------+--------+-----+--------+
         Total |  12012 |  11330 |    682 |   2110 |   5804 |  10 | 1201.2 |
       Dungeon |  11521 |  10839 |    682 |   1926 |   5703 |   9 | 1280.1 |
       Ossuary |    491 |    491 |      0 |    184 |    101 |   1 |  491.0 |
               +--------+--------+--------+--------+--------+-----+--------+

Top non-repeatable levels by time:
     D:5: 1698 daAuts
     D:7: 1649 daAuts
     D:8: 1594 daAuts
     D:2: 1456 daAuts
     D:6: 1292 daAuts
     D:4: 1188 daAuts
     D:3: 1140 daAuts
     D:9: 780 daAuts
     D:1: 720 daAuts
 Ossuary: 491 daAuts
